 Dungeon Crawl Stone Soup version 0.25-a0-737-g26c3a87c45 (webtiles) character file.

Game seed: 6023896755727115661, levelgen mode: deterministic

500 Maedhros the Sneak (level 7, -1/43 HPs)
             Began as an Octopode Artificer on Apr 12, 2020.
             Was a Believer of Cheibriados.
             Slain by a water moccasin (10 damage)
             ... on level 4 of the Dungeon.
             The game lasted 00:06:22 (1793 turns).

Maedhros the Sneak (Octopode Artificer)             Turns: 1793, Time: 00:06:29

Health: -1/43      AC:  1    Str: 16    XL:     7   Next: 16%
Magic:  9/9        EV: 14    Int: 17    God:    Cheibriados [**....]
Gold:   129        SH:  0    Dex: 18    Spells: 6/6 levels left

rFire    . . .     SeeInvis +   h - +0 dagger (venom)
rCold    . . .     Gourm    .   (no shield)
rNeg     . . .     Faith    .   k - +0 hat
rPois    .         Spirit   .   (no amulet)
rElec    .         Reflect  .   m - ring of see invisible
rCorr    .         Harm     .   (no ring)
MR       .....                  (no ring)
Stlth    +++++.....             (no ring)
HPRegen  0.14/turn              (no ring)
MPRegen  0.11/turn              (no ring)
                                (no ring)
                                (no ring)

@: lethally poisoned (-1 -> -21), very slow
A: almost no armour, stealthy swim, amphibious, 8 rings, constrict 8, camouflage
1, gelatinous body 1
a: Bend Time, Renounce Religion


You were on level 4 of the Dungeon.
You worshipped Cheibriados.
Cheibriados was pleased with you.
You were hungry.

You visited 1 branch of the dungeon, and saw 4 of its levels.
You also visited: Sewer.

You collected 129 gold pieces.

Inventory:

Hand Weapons
 a - a +0 short sword
 h - a +0 dagger of venom (weapon)
 s - a +0 fustibalus
Armour
 k - a +0 hat (worn)
Jewellery
 m - a ring of see invisible (left tentacle)
Wands
 b - a wand of flame (12)
 c - a wand of enslavement (14)
 d - a wand of random effects (15)
Scrolls
 e - a scroll of identify {unknown}
 i - 2 scrolls of teleportation {unknown}
 l - 2 scrolls of fear {unknown}
 o - a scroll of enchant weapon {unknown}
 p - a scroll of magic mapping {unknown}
Potions
 g - 3 potions of curing {unknown}
 j - 3 potions of heal wounds
 n - a potion of flight {unknown}
 q - a potion of cancellation {unknown}
 r - a potion of might {unknown}
 t - a potion of stabbing {unknown}
Comestibles
 f - 6 rations


   Skills:
 - Level 1.0 Fighting
 - Level 1.0 Short Blades
 - Level 2.0 Dodging
 + Level 7.4 Stealth
 + Level 4.9 Unarmed Combat
 - Level 3.2 Evocations


You had 6 spell levels left.
You didn't know any spells.
Your spell library was empty.

Dungeon Overview and Level Annotations

Branches:
Dungeon (4/15)              Sewer (visited)
 Temple: D:4-7

Altars:
Cheibriados
Gozag
Nemelex Xobeh
Trog
Zin


Innate Abilities, Weirdness & Mutations

You cannot wear most types of armour.
You are very stealthy in the water. (Stealth+)
You are amphibious.
You can wear up to eight rings at the same time.
You can use your tentacles to constrict eight enemies at once.
Your skin changes colour to match your surroundings (Stealth+).
Your rubbery body absorbs attacks. (AC +1, EV +1)


Message History

The water moccasin is heavily wounded.
The water moccasin bites you! The water moccasin bites you.
You hit the water moccasin. Your grab misses the water moccasin.
The water moccasin is heavily wounded.
The water moccasin bites you.
You hit the water moccasin but do no damage.
The water moccasin looks as sick as possible!
Your grab misses the water moccasin. You tentacle-slap the water moccasin.
Your squeeze misses the water moccasin.
The water moccasin is severely wounded.
The water moccasin bites you!
You are poisoned.
The water moccasin poisons you!
You closely miss the water moccasin. Your grab misses the water moccasin.
The water moccasin is almost dead.
You feel sick. The water moccasin bites you!
* * * LOW HITPOINT WARNING * * *
You are lethally poisoned!
The water moccasin poisons you! The water moccasin bites you!
You die...

...'........#
..##..##....#
..######....#
...#........# ...#....
...# ..##..### #. .
..##..##.##.#########!..
..................>.....
................@S.#
..##.....##.†###...#
..#########..####+##
....................
....................
..##.....##.........
..##.....##..##....#
.........##..#######
..............#


You could see a water moccasin.

Vanquished Creatures
  3 big kobolds (Sewer)
  An orc priest (D:3)
  An orc wizard (D:4)
  A worker ant (D:4)
  7 adders
  4 shadow imps (D:3)
  4 oozes (Sewer)
  An adder skeleton (D:4)
  11 worms
  2 dart slugs
  3 orcs
  3 ball pythons
  4 bats
  3 giant cockroaches (D:1)
  6 goblins
  5 hobgoblins
  2 jackals (D:2)
  2 frilled lizards
  8 kobolds
  6 rats
77 creatures vanquished.

Vanquished Creatures (collateral kills)
  An orc (D:4)
1 creature vanquished.

Vanquished Creatures (others)
  An orc priest (D:4)
1 creature vanquished.

Grand Total: 79 creatures vanquished

Notes
Turn   | Place    | Note
-------+----------+-------------------------------------------
     0 | D:1      | Maedhros the Octopode Artificer began the quest for the
                  | Orb.
     0 | D:1      | Reached XP level 1. HP: 13/13 MP: 3/3
    23 | D:1      | Reached skill level 2 in Stealth
    61 | D:1      | Reached skill level 1 in Unarmed Combat
    61 | D:1      | Reached XP level 2. HP: 6/18 MP: 4/4
   378 | D:2      | Found a snail-covered altar of Cheibriados.
   380 | D:2      | Reached skill level 3 in Stealth
   380 | D:2      | Reached XP level 3. HP: 7/23 MP: 5/5
   387 | D:2      | Became a worshipper of Cheibriados the Contemplative
   642 | D:2      | Found a sparkling altar of Nemelex Xobeh.
   655 | D:2      | Reached XP level 4. HP: 12/28 MP: 6/6
   670 | D:2      | Reached skill level 4 in Stealth
   773 | D:3      | Found a glowing drain.
   776 | D:3      | Reached * piety under Cheibriados
   793 | Sewer    | Entered a sewer
  1017 | Sewer    | Noticed a big kobold
  1033 | Sewer    | Killed a big kobold
  1033 | Sewer    | Reached skill level 5 in Stealth
  1033 | Sewer    | Reached XP level 5. HP: 24/33 MP: 7/7
  1149 | Sewer    | Noticed a big kobold
  1158 | Sewer    | Killed a big kobold
  1158 | Sewer    | Reached skill level 6 in Stealth
  1158 | Sewer    | Reached XP level 6. HP: 31/38 MP: 8/8
  1362 | D:3      | Found a transporter.
  1391 | D:3      | Reached ** piety under Cheibriados
  1408 | D:3      | Reached skill level 7 in Stealth
  1417 | D:3      | Found a transporter.
  1481 | D:3      | Found a glowing silver altar of Zin.
  1484 | D:3      | Found an opulent altar of Gozag.
  1584 | D:4      | Found a bloodstained altar of Trog.
  1652 | D:4      | Reached XP level 7. HP: 41/43 MP: 9/9
  1793 | D:4      | Slain by a water moccasin

Levels and vault maps discovered:
D:1:      tarquinn_simple_flora_water_c, layout_loops_cross, st_stairs_6
D:2:      layout_rooms, nemelex_xobeh_ov_fountains_minmay, first_ration,
          minmay_hedge_maze, grunt_decor_one_mirror, kennysheep_slug_shrine
D:3:      gammafunk_wand_slinger, layout_loops_ring,
          grunt_temple_overflow_gold_and_silver, cheibrodos_sewer_entry_drain
D:4:      layout_gridville, serial_shops, shop, gammafunk_ghost_grave,
          skrybe_limestone_x, minmay_misc_feat_columns,
          trog_three_pillars_becter

Skill      XL: |  1  2  3  4  5  6 |
---------------+-------------------+-----
Stealth        | 2 3 5 6 7 |  7.4
Unarmed Combat | 1 2 3 4 |  4.9
Fighting       | |  1.0
Short Blades   | |  1.0
Dodging        | |  2.0
Evocations     | |  3.2

Action                   |  1- 3 |  4- 6 |  7- 9 || total
-------------------------+-------+-------+-------++-------
Melee: Short sword       |    16 |       |       ||    16
       Constrict         |    22 |    18 |     4 ||    44
       Tentacles         |    14 |    17 |     2 ||    33
       Dagger            |    40 |    87 |    15 ||   142
       Punch             |     3 |     1 |     4 ||     8
Evoke: Wand              |     2 |    23 |     1 ||    26
  Use: Potion            |       |     1 |       ||     1
 Stab: Sleeping          |     1 |    17 |     1 ||    19
  Eat: Chunk             |       |     1 |       ||     1
Armor: Skin              |     6 |       |       ||     6
Dodge: Dodged            |    22 |    39 |     5 ||    66

Table legend:
 A = Non-vault XP
 B = Vault XP
 C = Vault XP percentage of total XP
 D = Non-vault monster count
 E = Vault monster count
 F = Vault count percentage of total count
                 A         B        C        D         E       F
            +---------+---------+-------+---------+---------+-------
      Total |     204 |     511 |  71.5 |      39 |      39 |  50.0
            +---------+---------+-------+---------+---------+-------
        D:1 |      15 |       4 |  21.1 |       7 |       2 |  22.2
        D:2 |      65 |       4 |   5.8 |      18 |       1 |   5.3
        D:3 |      24 |      90 |  78.9 |       7 |       8 |  53.3
        D:4 |     100 |       0 |   0.0 |       7 |       0 |   0.0
      Sewer |       0 |     413 | 100.0 |       0 |      28 | 100.0
            +---------+---------+-------+---------+---------+-------
